 Dungeon Crawl Stone Soup version 0.27-a0-522-g46bbb28828 (webtiles) character file.

Game seed: 11272233479167128974

40 Azuregosa the Grasshopper (level 3, -1/18 HPs)
             Began as a Spriggan Warper on Mar 5, 2021.
             Killed by nerve-wracking pain
             ... invoked by a shadow imp
              (8 damage)
             ... on level 2 of the Dungeon.
             The game lasted 00:05:41 (1640 turns).

Azuregosa the Grasshopper (Spriggan Warper)         Turns: 1640, Time: 00:05:42

Health: -1/18      AC:  2    Str:  7    XL:     3   Next: 30%
Magic:  0/8        EV: 18    Int: 15    God:
Gold:   36         SH:  0    Dex: 14    Spells: 8/8 levels left

rFire    . . .     SeeInvis +   a - +0 short sword
rCold    . . .     Faith    .   (shield restricted)
rNeg     . . .     Spirit   +   b - +0 robe
rPois    .         Reflect  .   (helmet restricted)
rElec    .         Harm     .   (no cloak)
rCorr    .         Rampage  .   (gloves unavailable)
Will     .....                  (boots unavailable)
Stlth    +.........             i - amulet of guardian spirit
HPRegen  0.06/turn              (no ring)
MPRegen  0.11/turn              (no ring)

@: very quick
A: very small, unfitting armour, see invisible, speed 3
a: no special abilities


You were on level 2 of the Dungeon.
You visited 1 branch of the dungeon, and saw 3 of its levels.

You collected 36 gold pieces.

Inventory:

Hand Weapons
 a - a +0 short sword (weapon)
Missiles
 c - 63 stones
 e - 5 boomerangs of dispersal (quivered)
 h - 9 poisoned darts
Armour
 b - a +0 robe (worn)
Jewellery
 i - an amulet of guardian spirit (around neck)
Scrolls
 d - a scroll of blinking
Potions
 f - a potion of curing {unknown}
 g - a potion of flight {unknown}


   Skills:
 + Level 2.0 Fighting
 + Level 2.9 Short Blades
 - Level 1.0 Throwing
 - Level 3.2 Dodging
 + Level 3.3 Spellcasting
 + Level 5.0 Translocations


You had 8 spell levels left.
You didn't know any spells.
Your spell library contained the following spells:

 Spells                   Type           Power        Failure   Level
 Blink                    Tloc           N/A          3%          2
 Gell's Gravitas          Tloc           8%           8%          3
 Lesser Beckoning         Tloc           8%           8%          3
 Teleport Other           Tloc           17%          8%          3
 Manifold Assault         Tloc           17%          24%         4


Dungeon Overview and Level Annotations

Branches:
Dungeon (3/15)

Altars:


Innate Abilities, Weirdness & Mutations

You are very small and have problems with some larger weapons.
You are too small for most types of armour.
You have supernaturally acute eyesight. (SInv)
You cover ground extremely quickly. (Speed+++)


Message History

You hit the quokka.
You kill the quokka!
A shadow imp comes into view.
The shadow imp shouts!
You see here 12 gold pieces.
You see here 12 gold pieces.
You hit the shadow imp but do no damage.
The shadow imp hits you.
You hit the shadow imp but do no damage.
The shadow imp hits you.
You barely miss the shadow imp. The shadow imp completely misses you.
You barely miss the shadow imp. The shadow imp misses you.
You closely miss the shadow imp. The shadow imp completely misses you.
You completely miss the shadow imp. The shadow imp barely misses you.
You hit the shadow imp.
The shadow imp is lightly wounded.
You hit the shadow imp.
The shadow imp is moderately wounded.
The shadow imp hits you but does no damage.
You hit the shadow imp.
The shadow imp is heavily wounded.
The shadow imp closely misses you.
You barely miss the shadow imp.
The shadow imp is heavily wounded.
The shadow imp barely misses you.
You hit the shadow imp.
The shadow imp is severely wounded.
The shadow imp barely misses you.
You hit the shadow imp.
The shadow imp is severely wounded.
The shadow imp misses you.
You closely miss the shadow imp.
The shadow imp is severely wounded.
The shadow imp gestures at you.
You struggle to resist.
You hit the shadow imp but do no damage.
The shadow imp is severely wounded.
The shadow imp gestures at you. Pain shoots through your body!
You die...

#.......†.## ##.
#........# #. ##..)..#.#
#. #.......# ##+
###.##### ##.. #.###
##... #.#.## ##....
...#########....####.....
........@..........+.....
...#####5###.....###.....
#.# #.#.#.# ##.... #.#
#.###.# ##... #.# #.. #
##.. #.# ### ##+ #.# #.#


You could see a shadow imp.

Vanquished Creatures
  2 dart slugs (D:1)
  2 leopard geckos (D:1)
  A goblin (D:1)
  9 hobgoblins (D:1)
  A quokka (D:2)
  2 bats (D:1)
  3 frilled lizards (D:1)
  7 kobolds
  6 rats (D:1)
33 creatures vanquished.

Notes
Turn   | Place    | Note
-------+----------+-------------------------------------------
     0 | D:1      | Azuregosa the Spriggan Warper began the quest for the Orb.
     0 | D:1      | Reached XP level 1. HP: 10/10 MP: 5/5
   336 | D:1      | Reached XP level 2. HP: 3/15 MP: 6/6
  1182 | D:1      | Reached XP level 3. HP: 18/18 MP: 8/8
  1579 | D:2      | Reached skill level 5 in Translocations
  1640 | D:2      | Killed from afar by a shadow imp

Illustrated notes

Levels and vault maps discovered:
D:1:      onia_arrival_mini_maze, layout_rooms, minmay_surrounded
D:2:      layout_loops_corners, nicolae_dithmenos_through_a_glass_darkly
D:3:      layout_loops_ring, lemuel_doored_altar,
          gammafunk_temple_overflow_pools,
          nicolae_gozag_cash_rules_everything_around_me

Skill      XL: |  1  2  3 |
---------------+----------+-----
Spellcasting   | 3 |  3.3
Fighting       | 2 |  2.0
Translocations | 5 |  5.0
Short Blades   | |  2.9
Throwing       | |  1.0
Dodging        | |  3.2

Action                   || total
-------------------------++-------
Melee: Short sword       ||   144
 Stab: Sleeping          ||     2
Armor: Robe              ||     8
Dodge: Dodged            ||    97

Table legend: (Time is in decaauts)
 A = Elapsed time spent in this place.
 B = Non-inter-level travel time spent in this place.
 C = Inter-level travel time spent in this place.
 D = Time resting spent in this place.
 E = Time spent auto-exploring this place.
 F = Levels seen in this place.
 G = Mean time per level.
                   A        B        C        D        E       F      G
               +--------+--------+--------+--------+--------+-----+--------+
         Total |   1353 |   1325 |     28 |    340 |    685 |   3 |  451.0 |
       Dungeon |   1353 |   1325 |     28 |    340 |    685 |   3 |  451.0 |
               +--------+--------+--------+--------+--------+-----+--------+

Top non-repeatable levels by time:
     D:1: 1267 daAuts
     D:2: 84 daAuts
     D:3: 1 daAuts
